 Dungeon Crawl Stone Soup version 0.30-a0-948-g4fa250aae5 (webtiles) character file.

Game seed: 3954668665810338436

593 jlumianski the Chopper (level 7, -2/54 HPs)
             Began as a Demonspawn Fighter on Mar 26, 2023.
             Slain by a water moccasin (8 damage)
             ... on level 5 of the Dungeon.
             The game lasted 00:11:20 (3217 turns).

jlumianski the Chopper (Demonspawn Fighter)         Turns: 3217, Time: 00:11:21

Health: -2/54      AC:  9    Str: 18    XL:     7   Next: 16%
Magic:  7/7        EV:  9    Int: 10    God:
Gold:   202        SH:  4    Dex: 12    Spells: 6/6 levels left

rFire   + . .      SeeInvis .    a - +0 war axe
rCold   + . .      Faith    .    c - +0 buckler
rNeg    . . .      Spirit   .    b - +0 scale mail
rPois   .          Reflect  .    (helmet restricted)
rElec   .          Rampage  .    l - +0 cloak
rCorr   .                        q - +0 pair of gloves
Will    .....                    (no boots) Stlth
                                 w - amulet of the acrobat
HPRegen 0.29/turn                o - ring of protection from fire
MPRegen 0.10/turn                f - ring of protection from cold

@: lethally poisoned (-2 -> -4)
A: antennae 1, claws 2, demonic guardian 1
a: no special abilities


You were on level 5 of the Dungeon.
You visited 1 branch of the dungeon, and saw 6 of its levels.

You collected 202 gold pieces.

Inventory:

Hand Weapons
 a - a +0 war axe (weapon)
Missiles
 e - 10 poisoned darts
 g - 9 stones
 k - 3 boomerangs (quivered)
Armour
 b - a +0 scale mail (worn)
 c - a +0 buckler (worn)
 l - a +0 cloak (worn)
 q - a +0 pair of gloves (worn)
Magical Staves
 y - a staff of air
Jewellery
 f - a ring of protection from cold (right hand)
 o - a ring of protection from fire (left hand)
 w - an amulet of the acrobat (around neck)
Wands
 u - a wand of digging (6)
Scrolls
 h - a scroll of poison
 j - 2 scrolls of teleportation
 m - a scroll of immolation
 n - 2 scrolls of vulnerability {unknown}
 p - a scroll of fear
 s - a scroll of amnesia {unknown}
 t - a scroll of silence {unknown}
 v - 2 scrolls of blinking {unknown}
 x - a scroll of magic mapping {unknown}
Potions
 d - a potion of might
 i - a potion of heal wounds
 r - a potion of lignification
 z - a potion of mutation {unknown}
 A - a potion of curing {unknown}


   Skills:
 * Level 4.2 Fighting
 + Level 5.1 Axes
 + Level 4.5 Armour
 + Level 0.4 Dodging
 + Level 3.2 Shields


You had 6 spell levels left.
You didn't know any spells.
Your spell library contained the following spells:

 Spells                   Type           Power      Damage    Failure   Level
 Ignite Poison            Fire/Tmut/Pois 0%         N/A       99%         3
 Kindle Blastsparks       Fire/Tloc/Air  0%         2d10      99%         3
 Fulminant Prism          Conj/Hex       0%         3d5       100%        4
 Iskenderun's Mystic Bla  Conj/Tloc      0%         2d3       100%        4
 Manifold Assault         Tloc           0%         N/A       100%        4
 Freezing Cloud           Conj/Ice/Air   0%         6-21      100%        5
 Lee's Rapid Deconstruct  Erth           0%         3d4*      100%        5
 Dispersal                Tloc           0%         N/A       100%        6
 Disjunction              Tloc           0%         N/A       100%        8


Dungeon Overview and Level Annotations

Branches:
Dungeon (6/15)
 Temple: D:4-7

Altars:


Innate Abilities, Weirdness & Mutations

You have a pair of small antennae on your head.
You have very sharp fingernails.
A weak demonic guardian rushes to your aid.


Message History

You feel very sick.
The water moccasin bites you but does no damage.
The water moccasin bites you.
* * * LOW HITPOINT WARNING * * *
A demonic guardian appears!
You are more poisoned.
The water moccasin poisons you!
* * * LOW HITPOINT WARNING * * *
You feel very sick.
The water moccasin barely misses your white imp.
The water moccasin closely misses your white imp.
Your white imp hits the water moccasin but does no damage.
You feel much better.
You feel very sick.
The water moccasin bites your white imp but does no damage.
Your white imp barely misses the water moccasin.
You feel sick.
The water moccasin misses your white imp.
Your white imp gestures at the water moccasin.
The puff of frost misses the water moccasin.
You feel very sick.
The water moccasin misses your white imp.
The water moccasin barely misses your white imp.
Your white imp gestures at the water moccasin.
The puff of frost hits the water moccasin.
You feel sick.
The water moccasin bites your white imp!
Your white imp dies!
Your white imp disappears in a puff of smoke!
You feel sick.
The water moccasin completely misses you.
You closely miss the water moccasin.
The water moccasin is severely wounded.
You feel sick. The water moccasin bites you.
* * * LOW HITPOINT WARNING * * *
You hit the water moccasin but do no damage.
The water moccasin is severely wounded.
You feel sick. The water moccasin closely misses you.
The water moccasin bites you!
You die...

#..........#
#..........#
#..........#
#..........#
#..........###
#............##
#.....###.###.#
#..>..#.....#.#
#.@S..#†###.#.##
#†###.#.....#..# .
#..###.#.###.#..#
..#.###..#.....#..#
.... #..###.###..#
... #...........#
##.#.###.######..##
.........<.####.#####
###...#..#..........#


You could see a water moccasin.

Vanquished Creatures
  An ogre (D:4)
  A howler monkey (D:5)
  2 orc priests (D:4)
  2 hounds (D:5)
  2 jellies (D:4)
  A sleepcap (D:4)
  Terence (D:3)
  An orc wizard (D:3)
  3 gnolls
  4 adders
  A white imp (D:5)
  3 worms (D:2)
  A dart slug (D:2)
  5 orcs
  2 ball pythons
  5 bats
  7 endoplasms
  3 giant cockroaches
  6 goblins
  6 hobgoblins
  4 jackals (D:1)
  2 quokkas
  A frilled lizard (D:2)
  4 kobolds
  5 rats
73 creatures vanquished.

Vanquished Creatures (collateral kills)
  A scorpion (D:5)
  A gnoll (D:4)
2 creatures vanquished.

Grand Total: 75 creatures vanquished

Notes
Turn   | Place    | Note
-------+----------+-------------------------------------------
     0 | D:1      | jlumianski the Demonspawn Fighter began the quest for the
                  | Orb.
     0 | D:1      | Reached XP level 1. HP: 18/18 MP: 1/1
   188 | D:1      | Found a faded altar of an unknown god.
   253 | D:1      | Reached skill level 2 in Axes
   258 | D:1      | Gained mutation: A weak demonic guardian rushes to your
                  | aid. [demonic ancestry]
   258 | D:1      | Reached XP level 2. HP: 24/24 MP: 2/2
   411 | D:1      | Reached XP level 3. HP: 5/29 MP: 3/3
  1218 | D:3      | Reached XP level 4. HP: 35/35 MP: 4/4
  2121 | D:3      | Noticed Terence
  2132 | D:3      | Killed Terence
  2200 | D:4      | Reached skill level 3 in Axes
  2200 | D:4      | Discovered your monstrous ancestry.
  2200 | D:4      | Gained mutation: You have a pair of small antennae on your
                  | head. [demonic ancestry]
  2200 | D:4      | Reached XP level 5. HP: 36/42 MP: 5/5
  2224 | D:4      | Noticed an ogre
  2246 | D:4      | Killed an ogre
  2247 | D:4      | Reached skill level 4 in Axes
  2247 | D:4      | Gained mutation: You have sharp fingernails. [demonic
                  | ancestry]
  2247 | D:4      | Reached XP level 6. HP: 15/48 MP: 6/6
  2934 | D:5      | Entered Level 5 of the Dungeon
  3038 | D:5      | Reached skill level 5 in Axes
  3055 | D:5      | Gained mutation: You have very sharp fingernails. [demonic
                  | ancestry]
  3055 | D:5      | Reached XP level 7. HP: 53/54 MP: 7/7
  3210 | D:5      | HP: 2/54 [poisoned by a water moccasin]
  3217 | D:5      | Slain by a water moccasin

Illustrated notes

Levels and vault maps discovered:
D:1:      co_arrival_square_in_a_square_in_a_square, layout_rooms,
          dreamdust_ecumenical_altar_statues
D:2:      layout_basic
D:3:      minmay_door_path, layout_basic, uniq_terence, uniq_robin
D:4:      layout_loops_ring
D:5:      layout_rooms, mainiacjoe_overflow_alcove_4, minmay_checkerbox
D:6:      layout_cave_pools, old_standard_altar,
          gammafunk_temple_overflow_statue, minmay_temple_entry_from_below_b,
          uniq_sigmund

Skill      XL: |  1  2  3  4  5  6 |
---------------+-------------------+-----
Axes           | 2 3 4 5 |  5.1
Armour         | 3 4 |  4.5
Shields        | 3 |  3.2
Fighting       | 4 |  4.2
Dodging        | |  0.4

Action                     |  1- 3 |  4- 6 |  7- 9 || total
---------------------------+-------+-------+-------++-------
  Melee: War axe           |   105 |   147 |    26 ||   278
  Throw: Boomerang         |     1 |     3 |       ||     4
    Use: Scroll            |     5 |     1 |       ||     6
         Potion            |       |     1 |     1 ||     2
 Armour: Scale mail        |    68 |    66 |    11 ||   145
  Dodge: Dodged            |    40 |    55 |    17 ||   112
  Block: Buckler           |    32 |    27 |     6 ||    65

Table legend: (Time is in decaauts)
 A = Elapsed time spent in this place.
 B = Non-inter-level travel time spent in this place.
 C = Inter-level travel time spent in this place.
 D = Time resting spent in this place.
 E = Time spent auto-exploring this place.
 F = Levels seen in this place.
 G = Mean time per level.
                   A        B        C        D        E       F      G
               +--------+--------+--------+--------+--------+-----+--------+
         Total |   3327 |   3217 |    110 |    418 |   1309 |   6 |  554.5 |
       Dungeon |   3327 |   3217 |    110 |    418 |   1309 |   6 |  554.5 |
               +--------+--------+--------+--------+--------+-----+--------+

Top non-repeatable levels by time:
     D:2: 1124 daAuts
     D:1: 810 daAuts
     D:3: 680 daAuts
     D:4: 433 daAuts
     D:5: 273 daAuts
     D:6: 4 daAuts
